 Dungeon Crawl Stone Soup version 0.22.1-1-ga44c0e5 (webtiles) character file.

135 bloo the Conjurer (level 4, -1/24 HPs)
             Began as a Deep Elf Conjurer on Oct 7, 2018.
             Slain by a hobgoblin
             ... wielding a +0 club
              (5 damage)
             ... on level 4 of the Dungeon.
             The game lasted 00:11:22 (2521 turns).

bloo the Conjurer (Deep Elf Conjurer)               Turns: 2521, Time: 00:11:22

Health: -1/24      AC:  2    Str:  5    XL:     4   Next: 97%
Magic:  0/10       EV: 13    Int: 21    God:
Gold:   93         SH:  0    Dex: 15    Spells: 3/9 levels left

rFire    . . .     SeeInvis .   b - +0 hunting sling
rCold    . . .     Gourm    .   (no shield)
rNeg     . . .     Faith    .   a - +0 robe
rPois    .         Spirit   .   (no helmet)
rElec    .         Reflect  .   (no cloak)
rCorr    .         Harm     .   (no gloves)
MR       .....                  (no boots)
Stlth    ++........             (no amulet)
HPRegen  0.08/turn              (no ring)
MPRegen  0.12/turn              (no ring)

@: lethally poisoned (-1 -> -5)
A: no striking features
a: no special abilities


You were on level 4 of the Dungeon.
You were not hungry.

You visited 1 branch of the dungeon, and saw 4 of its levels.

You collected 93 gold pieces.

Inventory:

Hand Weapons
 b - a +0 hunting sling (weapon)
 i - a +1 short sword of protection
Missiles
 e - 65 stones (quivered)
 h - 18 sling bullets
Armour
 a - a +0 robe (worn)
Magical Staves
 j - an uncursed staff of summoning {unknown}
Jewellery
 m - an uncursed ring of protection from magic {unknown}
Scrolls
 d - a scroll of fear
 k - a scroll of teleportation {unknown}
Potions
 f - a potion of degeneration {unknown}
 g - 2 potions of might {unknown}
 l - a potion of invisibility {unknown}
Comestibles
 c - 2 rations
 n - 4 chunks of flesh


   Skills:
 - Level 2.4 Dodging
 - Level 2.4 Stealth
 - Level 3.1 Spellcasting
 + Level 6.8 Conjurations


You had 3 spell levels left.
You knew the following spells:

 Your Spells              Type           Power        Failure   Level  Hunger
a - Magic Dart            Conj           ####         1%          1    None
b - Searing Ray           Conj           ####..       1%          2    ##.....
c - Dazzling Spray        Conj/Hex       ###...       10%         3    ###....

Your spell library contained the following spells:

 Spells                   Type           Power        Failure   Level  Hunger
 Iskenderun's Mystic Bla  Conj           ####....     8%          4    ####...
 Force Lance              Conj/Tloc      ###.....     32%         4    ####...
 Fulminant Prism          Conj/Hex       ###.......   32%         4    ####...


Dungeon Overview and Level Annotations

Branches:
Dungeon (4/15)
 Temple: D:4-7

Altars:
Trog
Wu Jian

Annotations:
D:4 Pikel


Message History

You kill the adder!
The hobgoblin closely misses you.
Casting: Searing Ray (safe; 1% risk of failure)
Confirm with . or Enter, or press ? or * to list all spells.
Aiming: Searing Ray (safe; 1% risk of failure)
Press: ? - help, Shift-Dir - straight line, f - hobgoblin
Aim: a hobgoblin, wielding a club (severely wounded, blind)
The searing ray hits the hobgoblin.
You kill the hobgoblin! (Press . to maintain the ray.)
The searing ray hits the orc.
You kill the orc!
* * * LOW HITPOINT WARNING * * *
You feel sick.
The searing ray hits the hobgoblin.
The hobgoblin is severely wounded.
The hobgoblin hits you but does no damage.
Without enough magic to sustain it, your searing ray dissipates.
The hobgoblin hits you with a club.
You die...

### #.. #.# #.#
######)#
#############.......
#.........).........
#.#g##.######.####.#
#.#@##.######.####.#
#.#)##.............#
##.#.#########.###..#
####..#.# #.# #...
#.......# #.# #.##
#.##.######### #.# #.
#.#...#....... .#.
#......$..... . .
#.#...#.###### ## ##


You could see a hobgoblin.

Vanquished Creatures
  2 adders
  4 gnolls (D:4)
  2 worms (D:2)
  2 dart slugs (D:1)
  2 leopard geckos
  3 orcs
  5 giant cockroaches
  4 goblins
  7 hobgoblins
  8 jackals
  6 kobolds
  2 quokkas (D:2)
  3 bats (D:1)
  A frilled lizard (D:4)
  10 rats
61 creatures vanquished.

Notes
Turn   | Place    | Note
-------+----------+-------------------------------------------
     0 | D:1      | bloo the Deep Elf Conjurer began the quest for the Orb.
     0 | D:1      | Reached XP level 1. HP: 10/10 MP: 6/6
   242 | D:1      | Reached XP level 2. HP: 15/15 MP: 6/8
   264 | D:1      | Learned a level 2 spell: Searing Ray
   380 | D:1      | Reached skill level 5 in Conjurations
   727 | D:1      | Reached XP level 3. HP: 19/19 MP: 6/9
  1676 | D:2      | Found a bloodstained altar of Trog.
  1916 | D:2      | Reached skill level 6 in Conjurations
  1959 | D:2      | Reached XP level 4. HP: 24/24 MP: 7/10
  2216 | D:2      | Found an ornate altar of the Wu Jian Council.
  2408 | D:4      | Noticed an ogre
  2485 | D:4      | Noticed a slave
  2486 | D:4      | Noticed Pikel
  2510 | D:4      | Learned a level 3 spell: Dazzling Spray
  2521 | D:4      | Slain by a hobgoblin

Skill      XL: |  1  2  3 |
---------------+----------+-----
Conjurations   | 5 6 |  6.8
Dodging        | |  2.4
Stealth        | |  2.4
Spellcasting   | |  3.1

Action                   |  1- 3 |  4- 6 || total
-------------------------+-------+-------++-------
Melee: Short sword       |     1 |       ||     1
 Cast: Magic Dart        |    63 |    14 ||    77
       Searing Ray       |    15 |     5 ||    20
       Dazzling Spray    |       |     1 ||     1
  Use: Scroll            |       |     2 ||     2
  Eat: Chunk             |     4 |     1 ||     5
Armor: Robe              |     2 |     2 ||     4
Dodge: Dodged            |     7 |    12 ||    19
